 Dungeon Crawl Stone Soup version 0.27-a0-668-gb5737ff2c0 (webtiles) character file.

Game seed: 17582782683497750037

26 Lanoc the Charlatan (level 2, -1/21 HPs)
             Began as a Vampire Artificer on Mar 17, 2021.
             Slain by a goblin (3 damage)
             ... led by Robin
             ... on level 2 of the Dungeon.
             The game lasted 00:00:47 (390 turns).

Lanoc the Charlatan (Vampire Artificer)              Turns: 390, Time: 00:00:48

Health: -1/21      AC:  3    Str: 11    XL:     2   Next: 89%
Magic:  2/2        EV: 12    Int: 13    God:
Gold:   7          SH:  0    Dex: 14    Spells: 1/1 levels left

rFire    . . .     SeeInvis +   a - +0 club
rCold    . . .     Faith    .   (no shield)
rNeg     . . .     Spirit   .   b - +0 leather armour
rPois    .         Reflect  .   (no helmet)
rElec    .         Harm     .   (no cloak)
rCorr    .         Rampage  .   (no gloves)
Will     .....                  (no boots)
Stlth    ++........             (no amulet)
HPRegen  0.27/turn              (no ring)
MPRegen  0.08/turn              (no ring)

@: regenerating quickly
A: alive, fangs 3, see invisible, unbreathing 1, vampiric 1
a: Exsanguinate


You were on level 2 of the Dungeon.
You visited 1 branch of the dungeon, and saw 2 of its levels.

You collected 7 gold pieces.

Inventory:

Hand Weapons
 a - a +0 club (weapon)
Missiles
 f - 8 poisoned darts
Armour
 b - a +0 leather armour (worn)
Wands
 c - a wand of flame (11) (quivered)
 d - a wand of charming (15)
 e - a wand of random effects (15)
Scrolls
 i - a scroll of magic mapping {unknown}
Potions
 g - a potion of flight {unknown}
 h - a potion of attraction {unknown}


   Skills:
 + Level 1.4 Fighting
 - Level 0.7 Armour
 + Level 2.6 Dodging
 - Level 1.5 Stealth
 * Level 3.2 Evocations


You had one spell level left.
You didn't know any spells.
Your spell library was empty.

Dungeon Overview and Level Annotations

Branches:
Dungeon (2/15)

Altars:

Annotations:
D:2 Robin


Innate Abilities, Weirdness & Mutations

Your natural rate of healing is unusually fast.
You have razor-sharp teeth.
You have supernaturally acute eyesight. (SInv)
You can survive without breathing.
You are afflicted with vampirism.


Message History

The hobgoblin hits you. The hobgoblin closely misses you.
You hit the hobgoblin but do no damage. You bite the hobgoblin.
You kill the hobgoblin!
Robin roars a battlecry!
The goblins go into a battle-frenzy!
You hear a shout!
You completely miss the goblin. The goblin misses you.
You hit the goblin.
You kill the goblin!
The goblin hits you with a +0 dagger.
Robin roars a battlecry!
You hear a shout!
Found a stone staircase leading down.
Found a green potion. 2 goblins and a hobgoblin come into view.
The hobgoblin shouts!
A goblin comes into view. It is wielding a +0 club.
Found an escape hatch in the ceiling.
The goblin shouts!
The goblin no longer looks unusually strong.
Robin roars a battlecry!
The goblin goes into a battle-frenzy!
You hear a shout!
The goblin no longer looks unusually strong.
The hobgoblin no longer looks unusually strong.
The goblin no longer looks unusually strong.
The goblin barely misses you. The goblin completely misses you.
Robin throws the goblin at you!
You closely miss the goblin.
The goblin no longer looks unusually strong.
The goblin misses you. The goblin hits you with a +0 club.
A goblin comes into view. It is wielding a +1 dagger of draining.
The goblin hits you with a +0 dagger. The goblin misses you.
The goblin hits you with a +0 dagger.
* * * LOW HITPOINT WARNING * * *
A goblin comes into view. It is wielding a +0 dagger.
The goblin shouts!
The goblin no longer looks unusually strong.
The goblin barely misses you. The goblin hits you.
You die...

#.# #.# #.# #. #.#
#.. #.# ##########
#<###.#
.........###..##.##
..........g.....@g#
...........g...ggg#
.....g.....$...gg.#
.............g.!.g#
....g..........g..#
#####'#########..##
.# #......g....>#
.# ##############
.#


You could see Robin, 2 hobgoblins and 8 goblins.

Vanquished Creatures
  An adder (D:2)
  A worm (D:2)
  A dart slug (D:2)
  2 giant cockroaches (D:2)
  A goblin (D:2)
  3 hobgoblins (D:2)
  A kobold (D:2)
  2 frilled lizards (D:2)
12 creatures vanquished.

Notes
Turn   | Place    | Note
-------+----------+-------------------------------------------
     0 | D:1      | Lanoc the Vampire Artificer began the quest for the Orb.
     0 | D:1      | Reached XP level 1. HP: 14/14 MP: 1/1
    85 | D:2      | Reached skill level 1 in Fighting
    85 | D:2      | Reached skill level 3 in Evocations
    85 | D:2      | Reached XP level 2. HP: 18/21 MP: 2/2
   364 | D:2      | Noticed Robin
   389 | D:2      | HP: 1/21 [goblin/+0 dagger[Robin] (6)]
   390 | D:2      | Slain by a goblin

Illustrated notes

Levels and vault maps discovered:
D:1:      wander_arrival_lonely_grave, layout_basic,
          chequers_serial_rivers_micro_c
D:2:      layout_basic, uniq_robin, uniq_crazy_yiuf_cottage

Skill      XL: |  1 |
---------------+----+-----
Fighting       | 1 |  1.4
Evocations     | 3 |  3.2
Armour         | |  0.7
Dodging        | |  2.6
Stealth        | |  1.5

Action                   || total
-------------------------++-------
Melee: Club              ||    49
       Bite              ||     4
Evoke: Wand              ||     4
 Stab: Sleeping          ||     1
Armor: Leather armour    ||    13
Dodge: Dodged            ||    36

Table legend: (Time is in decaauts)
 A = Elapsed time spent in this place.
 B = Non-inter-level travel time spent in this place.
 C = Inter-level travel time spent in this place.
 D = Time resting spent in this place.
 E = Time spent auto-exploring this place.
 F = Levels seen in this place.
 G = Mean time per level.
                   A        B        C        D        E       F      G
               +--------+--------+--------+--------+--------+-----+--------+
         Total |    404 |    401 |      3 |      0 |    276 |   2 |  202.0 |
       Dungeon |    404 |    401 |      3 |      0 |    276 |   2 |  202.0 |
               +--------+--------+--------+--------+--------+-----+--------+

Top non-repeatable levels by time:
     D:2: 343 daAuts
     D:1: 61 daAuts
